 Dungeon Crawl Stone Soup version 0.29.0-15-g675c0067aa (webtiles) character file.

Game seed: 14711503803600528897

2694 BadBadger the Slicer (level 10, -3/77 HPs)
             Began as a Meteoran Cinder Acolyte on Sept 11, 2022.
             Was a High Priest of Ignis.
             Slain by an orc warrior
             ... wielding a +0 glaive
              (15 damage)
             ... on level 8 of the Dungeon.
             The game lasted 00:32:33 (4128 turns).

BadBadger the Slicer (Meteoran Cinder Acolyte)      Turns: 4128, Time: 00:32:34

Health: -3/77      AC: 10    Str: 15    XL:     10   Next: 17%
Magic:  22/22      EV: 13    Int: 21    God:    Ignis [*****.]
Gold:   331        SH:  0    Dex: 14    Spells: 6/12 levels left

rFire   + . .      SeeInvis .   l - +10 rapier of Inference {pain, Int+4 Dex+2}
rCold   + . .      Faith    .   (no shield)
rNeg    . . .      Spirit   .   B - +3 leather armour
rPois   .          Reflect  .   h - +2 helmet
rElec   .          Harm     +   w - scarf {+Inv}
rCorr   .          Rampage  .   (no gloves)
Will    +....      Rage     3%  t - +0 pair of boots
Stlth   +.........              d - amulet of Lassok {Acrobat Harm}
HPRegen 0.22/turn               q - ring of protection from cold
MPRegen 0.18/turn               m - ring of magical power

@: glowing
A: sense surroundings 2, otherworldly, glowing, explore regen, berserk 1, clumsy
1
a: Renounce Religion, Evoke Invisibility, Fiery Armour, Foxfire Swarm, Rising
Flame


You were on level 8 of the Dungeon.
You worshipped Ignis.
Ignis was extremely pleased with you.
You visited 1 branch of the dungeon, and saw 8 of its levels.

You collected 331 gold pieces.

Inventory:

Hand Weapons
 a - a -1 mace of venom
 l - the +10 rapier of Inference (weapon) {pain, Int+4 Dex+2}
   (You found it on level 2 of the Dungeon)

   In the hands of one skilled in necromantic magic, it inflicts extra damage on
   living creatures.
   Int:       It affects your intelligence (+4).
   Dex:       It affects your dexterity (+2).
 E - the +8 long sword of Anxiety {speed, Str+4 SInv}
   (You found it on level 7 of the Dungeon)

   Attacks with this weapon are significantly faster.
   Str:       It affects your strength (+4).
   SInv:      It lets you see invisible.
 F - a +0 club
Missiles
 j - 32 poisoned darts (quivered)
 x - 2 throwing nets
Armour
 b - a +0 robe
 f - a +0 ring mail of cold resistance
 h - a +2 helmet (worn)
 t - a +0 pair of boots (worn)
 w - a scarf of invisibility (worn)
 B - a +3 leather armour (worn)
Magical Staves
 c - a staff of poison
 o - a staff of conjuration
Jewellery
 d - the amulet of Lassok (around neck) {Acrobat Harm}
   (You acquired it on level 6 of the Dungeon)

   [amulet of the acrobat]

   It increases your evasion while moving and waiting.
   Harm:      It increases damage dealt and taken.
 m - a ring of magical power (right hand)
 q - a ring of protection from cold (left hand)
 u - an amulet of regeneration
Wands
 A - a wand of flame (13)
 G - a wand of mindburst (12)
Scrolls
 g - a scroll of enchant armour
 k - a scroll of vulnerability
 s - 2 scrolls of brand weapon
 v - a scroll of teleportation
 C - a scroll of identify
 H - 2 scrolls of amnesia
Potions
 e - 3 potions of heal wounds
 i - a potion of might
 n - 2 potions of flight
 p - a potion of haste
 r - 3 potions of attraction
 z - 3 potions of lignification
 D - 2 potions of ambrosia


   Skills:
 + Level 3.5 Fighting
 * Level 9.8 Short Blades
 - Level 4.3 Maces & Flails
 - Level 1.8 Armour
 - Level 4.5 Dodging
 - Level 1.6 Spellcasting
 - Level 5.1 Conjurations
 - Level 7.6 Fire Magic
 + Level 3.6 Evocations


You had 6 spell levels left.
You knew the following spells:

 Your Spells              Type           Power      Damage    Failure   Level
a - Scorch                Fire           66%        2d8       1%          2
b - Sticky Flame          Conj/Fire      28%        2d5       14%         4

Your spell library contained the following spells:

 Spells                   Type           Power      Damage    Failure   Level
 Conjure Flame            Conj/Fire      28%        6-21      4%          3
 Ignite Poison            Fire/Tmut/Pois 12%        N/A       21%         3
 Frozen Ramparts          Ice            2%         1d1       50%         3
 Ice Form                 Ice/Tmut       1%         N/A       88%         4
 Summon Ice Beast         Ice/Summ       1%         N/A       88%         4


Dungeon Overview and Level Annotations

Branches:
Dungeon (8/15) Zot: 701    Temple (0/1) D:6
   Lair: D:8-11

Altars:
Hepliaklqana
Nemelex Xobeh
Trog
Yredelemnul

Shops:
D:2 :   D:8 [


Innate Abilities, Weirdness & Mutations

You passively map the area around you.
You are easily found by Zot.
You glow in the dark.
You regain HP and MP as you explore.
You sometimes lose your temper in combat.
You are clumsy. (Dex -2)


Message History

The orc priest is almost dead.
The orc priest invokes the aid of Beogh against you.
Beogh smites you! The orc warrior barely misses you.
You hit the orc priest but do no damage.
The orc priest is almost dead.
The orc priest hits you but does no damage.
The orc warrior hits you with a +0 glaive!
You puncture the orc priest!
You kill the orc priest!
The orc warrior completely misses you.
You hit the orc warrior but do no damage.
You hit the orc warrior.
The orc warrior is lightly wounded.
The orc warrior barely misses you.
You closely miss the orc warrior.
The orc warrior is lightly wounded.
The orc warrior barely misses you.
You hit the orc warrior.
The orc warrior is lightly wounded.
You hit the orc warrior.
The orc warrior is moderately wounded.
The orc warrior hits you with a +0 glaive.
You hit the orc warrior but do no damage.
The orc warrior is moderately wounded.
The orc warrior hits you with a +0 glaive.
You puncture the orc warrior!
The orc warrior is severely wounded.
The orc warrior closely misses you.
You hit the orc warrior but do no damage.
The orc warrior is severely wounded.
You closely miss the orc warrior.
The orc warrior is severely wounded.
The orc warrior misses you.
You barely miss the orc warrior.
The orc warrior is severely wounded.
The orc warrior hits you with a +0 glaive!
* * * LOW HITPOINT WARNING * * *
The orc warrior attacks as you move away!
The orc warrior hits you with a +0 glaive!
You die...

*,*,,,,**,*,,,,,,,*,*****,***#,*#
**,,*****,*,*****,*,* #/* *,*#
*,,,* *,,,,,,,,,,,* #.* *,*#
,,,,* **##+##****** *.## *,*#
,,,** ##....* *..# #.## *,**
*#....∩#* ###*#.# #... ,,,**
**.......## ##.###.# ####
*,,,****,........####...##.######
,,,,,,,+,......)@'...............
*,,,****,......?o####...##.######
*,,** **.......## ##.##..# * *,**
*#.....#* ####.## *
*,,******##...#******** #.* *
**,,,,,,,*##+#*,,,,,,,* #.* *
*,*****,* *,**,*****,* #.* # *,*
*,* *,**,* *,**#.* *
*,*****,***,**,* *,,,,,* *


You could see an orc warrior.

Vanquished Creatures
  Sigmund (D:5)
  A steam dragon (D:7)
  A water moccasin (D:6)
  An orc warrior (D:7)
  A black bear (D:4)
  3 ice beasts
  2 ogres
  2 phantoms
  3 kobold brigands (D:7)
  2 bullfrogs (D:6)
  4 scorpions
  2 necrophages
  3 killer bees (D:7)
  2 howler monkeys
  A gnoll bouda (D:6)
  4 orc priests
  2 hounds
  5 iguanas
  3 orc wizards
  3 gnolls (D:6)
  7 adders
  A white imp (D:6)
  2 ufetubi
  2 worms
  2 dart slugs (D:4)
  12 orcs
  3 ball pythons
  8 endoplasms
  3 giant cockroaches
  7 hobgoblins
  7 jackals (D:4)
  15 kobolds
  A quokka (D:2)
  2 frilled lizards
  7 goblins
  3 rats
128 creatures vanquished.

Notes
Turn   | Place    | Note
-------+----------+-------------------------------------------
     0 | D:1      | BadBadger the Meteoran Cinder Acolyte began the quest for
                  | the Orb.
     0 | D:1      | Reached XP level 1. HP: 19/19 MP: 3/3
    92 | D:1      | Reached XP level 2. HP: 26/26 MP: 3/5
    97 | D:1      | Learned a level 2 spell: Scorch
   497 | D:1      | Glimpsed the power of Zot.
   640 | D:2      | Identified the +10 rapier of Inference {pain, Int+4 Dex+2}
   653 | D:2      | Found Niesaler's Book Shop.
   681 | D:2      | Reached skill level 1 in Armour
   752 | D:2      | Reached XP level 3. HP: 31/31 MP: 6/6
   817 | D:2      | Reached skill level 1 in Short Blades
   865 | D:2      | Gained mutation: Armour fits poorly on your strangely
                  | shaped body. [potion of mutation]
   865 | D:2      | Gained mutation: You passively dampen the noise of your
                  | surroundings. [potion of mutation]
  1075 | D:3      | Reached XP level 4. HP: 38/38 MP: 4/7
  1109 | D:3      | Reached skill level 2 in Short Blades
  1109 | D:3      | Reached skill level 1 in Dodging
  1329 | D:3      | Found a faded altar of an unknown god.
  1348 | D:3      | Reached XP level 5. HP: 45/45 MP: 8/8
  1620 | D:4      | Reached skill level 3 in Short Blades
  1639 | D:4      | Noticed a black bear
  1650 | D:4      | Killed a black bear
  1651 | D:4      | Reached XP level 6. HP: 50/51 MP: 6/9
  1708 | D:4      | Noticed an ogre
  1714 | D:4      | Killed an ogre
  1715 | D:4      | Reached skill level 4 in Short Blades
  1715 | D:4      | Reached XP level 7. HP: 57/57 MP: 10/10
  1778 | D:4      | Found a bloodstained altar of Trog.
  1879 | D:4      | Learned a level 4 spell: Sticky Flame
  1999 | D:4      | Reached skill level 1 in Conjurations
  2119 | D:5      | Entered Level 5 of the Dungeon
  2129 | D:5      | Reached skill level 5 in Short Blades
  2186 | D:5      | Reached XP level 8. HP: 63/63 MP: 11/11
  2252 | D:5      | You fall into a shaft and drop 2 floors!
  2318 | D:7      | Reached skill level 6 in Short Blades
  2340 | D:7      | Reached skill level 5 in Fire Magic
  2405 | D:6      | Found a staircase to the Ecumenical Temple.
  2435 | D:5      | Noticed Sigmund
  2462 | D:5      | Killed Sigmund
  2463 | D:5      | Reached skill level 7 in Short Blades
  2463 | D:5      | Gained mutation: You passively map the area around you.
                  | [Meteoran growth]
  2463 | D:5      | Reached XP level 9. HP: 30/70 MP: 12/12
  2691 | D:6      | Reached skill level 8 in Short Blades
  2800 | D:6      | Reached skill level 5 in Conjurations
  2824 | D:6      | Found a sparkling altar of Nemelex Xobeh.
  2865 | D:6      | Identified a scroll of acquirement
  2865 | D:6      | Acquired the amulet of Lassok {Acrobat Harm}
  2925 | D:6      | Lost mutation: Armour fits poorly on your strangely shaped
                  | body. [potion of mutation]
  2925 | D:6      | Lost mutation: You passively dampen the noise of your
                  | surroundings. [potion of mutation]
  2925 | D:6      | Gained mutation: You expend magic power (3 MP) to
                  | strengthen your wands. [potion of mutation]
  2925 | D:6      | Gained mutation: You are partially covered in iridescent
                  | scales. (AC +2) [potion of mutation]
  2935 | D:6      | Reached skill level 1 in Evocations
  2945 | D:6      | Found a basalt altar of Yredelemnul.
  2950 | D:6      | Lost mutation: You are partially covered in iridescent
                  | scales. (AC +2) [potion of mutation]
  2950 | D:6      | Lost mutation: You expend magic power (3 MP) to strengthen
                  | your wands. [potion of mutation]
  2950 | D:6      | Gained mutation: You sometimes lose your temper in combat.
                  | [potion of mutation]
  2950 | D:6      | Gained mutation: You are clumsy. (Dex -2) [potion of
                  | mutation]
  3383 | D:7      | Reached skill level 9 in Short Blades
  3419 | D:7      | Reached XP level 10. HP: 35/77 MP: 13/13
  3551 | D:7      | Identified the +8 long sword of Anxiety {speed, Str+4 SInv}
  3855 | D:7      | Found a hazy altar of Hepliaklqana.
  4108 | D:8      | Found Zis Takk's Armour Emporium.
  4128 | D:8      | Slain by an orc warrior

Illustrated notes

Levels and vault maps discovered:
D:1:      dpeg_arrival_boxes_within_box, layout_basic, minivault_5,
          minmay_misc_feat_doors
D:2:      layout_loops_ring, serial_shops, nicolae_shop_behind_doors
D:3:      layout_rooms, hellmonk_ecumenical_altar_inner_sanctum
D:4:      layout_rooms, marbit_many_paths, kennysheep_windowed_goal
D:5:      layout_rooms, minmay_misc_feat_chi, uniq_sigmund
D:6:      layout_rooms, yredelemnul_altar_generic,
          nemelex_xobeh_ov_fountains_minmay, minmay_temple_entry_sparse_star,
          roderic_lattice_a
D:7:      layout_basic, amcnicky_altar_gilded, serial_corexii_hall,
          corexii_hall_statues_x, chequers_hall_statues_corner_a
D:8:      layout_loops_corners, mainiacjoe_overflow_cross_hatched,
          nicolae_ossuary_entry_giza, serial_shops, shop

Skill      XL: |  1  2  3  4  5  6  7  8  9 |
---------------+----------------------------+-----
Armour         | 1 |  1.8
Short Blades   | 1 2 3 4 5 7 9 |  9.8
Dodging        | 2 3 4 |  4.5
Conjurations   | 2 4 5 |  5.1
Fire Magic     | 4 5 7 |  7.6
Evocations     | 3 |  3.6
Fighting       | |  3.5
Maces & Flails | |  4.3
Spellcasting   | |  1.6

Action                   |  1- 3 |  4- 6 |  7- 9 | 10-12 || total
-------------------------+-------+-------+-------+-------++-------
Melee: Mace              |    16 |       |       |       ||    16
       Rapier            |    23 |    72 |   183 |    35 ||   313
       Punch             |       |       |     2 |     1 ||     3
Throw: Dart              |       |       |     1 |       ||     1
 Cast: Scorch            |     1 |     4 |    13 |     1 ||    19
       Sticky Flame      |       |       |     5 |       ||     5
Invok: Fiery Armour      |     1 |       |       |     1 ||     2
  Use: Scroll            |     3 |     2 |    12 |     4 ||    21
       Potion            |     1 |     2 |     7 |     1 ||    11
Armor: Robe              |     3 |    13 |    33 |     7 ||    56
       Ring mail         |     5 |       |       |       ||     5
       Skin              |       |     4 |       |       ||     4
       Leather armour    |       |       |       |     2 ||     2
Dodge: Dodged            |    15 |    44 |   109 |    24 ||   192
